Connexion

Comets vs Americans

Created - 16 décembre 2023 at 05:59

Goals
1 2 3 T
Comets 2 1 1 4
Americans 2 1 2 5
Shots
1 2 3 T
Comets 17 10 9 36
Americans 12 18 10 40

GoalsPenalties
1st period
1. Comets , Dennis Yan 10 (Michael Joly 9, Frederik Gauthier 12) at 1:11
2. Americans , Sean Malone 4 (Robbie Russo 12, Cole Hults 12) at 3:31
3. Americans , Patrick Brown 10 (Sean Malone 8) at 7:09
4. Comets , Brendan Smith 7 (Josh Archibald 26, Trevor Lewis 27) at 13:59
Connor Carrick (POR) for Fighting (Major) at 15:41
Brendan Smith (UTI) for Fighting (Major) at 15:41
2nd period
5. Comets , Josh Archibald 17 (Trevor Lewis 28, Michael Raffl 8) at 5:01
6. Americans , Robbie Russo 6 (Cole Hults 13) at 9:29
Oskar Lindblom (UTI) for Hooking (Minor) at 10:35
Cameron Hughes (POR) for Tripping (Minor) at 19:56
3rd period
7. Comets , Brandon Davidson 7 (Michael Raffl 9, Josh Archibald 27) at 5:26
8. Americans , Turner Elson 10 (Kyle Rau 11, Andrew Peeke 13) at 9:07
9. Americans , Turner Elson 11 (Kyle Rau 12, Sam Anas 16) at 9:38
No Penalty
Goalie Stats
Connor Ingram (UTI), 35 saves from 40 shots - (0,875), L, 10-4-3, 60:00 minutes
Alex Starlock (POR), 32 saves from 36 shots - (0,889), W, 20-14-0, 60:00 minutes
3 StarsOfficial
1 - Turner Elson (POR)
2 - Josh Archibald (UTI)
3 - Robbie Russo (POR)
Referees : Chris Lee and Chris Rooney
Linesman : Steve Miller and Pierre Racicot
Game Note
Connor Carrick and Brendan Smith fight to a draw at 15:41 of 1st period
Finance
Level 1 -- Attendance: 1894 (94,70%) -- Ticket Income $68,184
Level 2 -- Attendance: 745 (74,50%) -- Ticket Income $15,645
Total Attendance: 2639 (87,97%)
Total Ticket Income: $83,829
Other Income: $16,766
Total Income: $100,595



Team Name Goals Shots Shots Attemp Shots Blocked PIM HIT PP PK FO%
Comets 4366847310 / 1 (0%)051%
Americans 54076107240 / 1 (0%)049%

Comets
Player Name POS G A P +/- PIM HIT SHT SB MP PP MP PP SHT PK MP PK SHT FO% FOT
Brandon DavidsonD101-2043120:560:5710:5400% 0
Brendan SmithD1011532020:051:0201:0500% 0
Chase De LeoC/LW000000205:381:0110:38044% 9
Chris TerryLW/RW000-1024019:431:0101:2100% 1
Cliff PuRW000001003:590:0000:0000% 0
Dennis YanLW1010002018:040:0001:04040% 5
Derek RyanC000-1014018:160:0000:55036% 22
Frederik GauthierC0110011017:000:0000:00067% 21
Jordan SchmaltzD0000050016:550:0000:0000% 0
Josh ArchibaldRW1230042018:400:5800:000100% 1
Kevin CzucmanD000-2000020:560:5700:5400% 0
Logan NelsonC000000000:000:0000:0000% 0
Markus NiemelainenD0000031118:390:0000:0000% 0
Matt BartkowskiD0001003122:281:0211:0500% 0
Michael JolyRW0110003117:000:0000:0000% 0
Michael RafflLW/RW0220004018:400:5800:0000% 1
Oskar LindblomLW/RW000-1271022:201:0100:00050% 2
Trevor LewisC/RW0220004018:400:5800:00058% 26
Americans
Player Name POS G A P +/- PIM HIT SHT SB MP PP MP PP SHT PK MP PK SHT FO% FOT
Andrew AgozzinoC/LW0000025021:350:5001:2100% 1
Andrew PeekeD0111011319:390:5000:5700% 0
Cameron HughesC/LW000-2201017:471:0900:00054% 24
Cole HultsD0221041115:470:0000:0000% 0
Connor CarrickD000-1504022:111:0921:0200% 0
Ethan ProwD0001001020:190:5000:5700% 0
Kyle OkposoC/RW0000012020:490:5000:35050% 2
Kyle RauC/LW/RW0222002112:280:0000:1300% 3
Matt LoritoLW/RW000-2002017:511:0900:0300% 0
Mattias SamuelssonD000-1041524:531:0901:0200% 0
Patrick BrownC/RW101102307:440:0000:0000% 0
Riley TufteLW000102107:440:0000:0000% 0
Robbie RussoD1121012017:100:0000:0000% 0
Ross JohnstonLW000-2044018:231:0910:350100% 2
Sam AnasC/RW0112001012:150:0000:0000% 1
Sean MaloneC112100207:440:0000:00056% 9
Tanner Fritz C/LW/RW0000012021:250:5001:11038% 29
Turner ElsonC/LW/RW2022025012:150:0000:00065% 17



Play-by-Play

1st period


0:01 of 1st period - Tanner Fritz wins face-off versus Oskar Lindblom in neutral zone.
0:01 of 1st period - Tanner Fritz is hit by Chris Terry.
0:10 of 1st period - Andrew Agozzino is hit by Brendan Smith and loses puck.
0:17 of 1st period - Connor Carrick is hit by Oskar Lindblom and loses puck.
0:32 of 1st period - Shot by Chris Terry.
0:32 of 1st period - Stopped by Alex Starlock with a rebound.
0:34 of 1st period - Shot by Derek Ryan.
0:34 of 1st period - Shot Misses the Net.
0:36 of 1st period - Shot by Derek Ryan.
0:36 of 1st period - Shot Misses the Net.
0:41 of 1st period - Icing by Andrew Agozzino.
0:42 of 1st period - Trevor Lewis wins face-off versus Tanner Fritz in Americans zone.
0:49 of 1st period - Shot by Trevor Lewis.
0:49 of 1st period - Stopped by Alex Starlock without a rebound.
0:50 of 1st period - Cameron Hughes wins face-off versus Frederik Gauthier in Americans zone.
0:52 of 1st period - Ross Johnston is hit by Frederik Gauthier and loses puck.
1:11 of 1st period - Shot by Dennis Yan.
1:11 of 1st period - Goal by Dennis Yan - Comets : 1 - Americans : 0.
1:12 of 1st period - Turner Elson wins face-off versus Trevor Lewis in neutral zone.
1:36 of 1st period - Josh Archibald is hit by Cole Hults and loses puck.
1:40 of 1st period - Icing by Sam Anas.
1:41 of 1st period - Chase De Leo wins face-off versus Turner Elson in Americans zone.
1:50 of 1st period - Shot by Sam Anas.
1:50 of 1st period - Stopped by Connor Ingram without a rebound.
1:51 of 1st period - Frederik Gauthier wins face-off versus Cameron Hughes in Comets zone.
1:51 of 1st period - Frederik Gauthier is hit by Ross Johnston.
2:05 of 1st period - Shot by Michael Joly.
2:05 of 1st period - Shot Misses the Net.
2:15 of 1st period - Shot by Michael Joly.
2:15 of 1st period - Shot Misses the Net.
2:31 of 1st period - Shot by Frederik Gauthier.
2:31 of 1st period - Shot Misses the Net.
2:59 of 1st period - Shot by Oskar Lindblom.
2:59 of 1st period - Shot Blocked by Mattias Samuelsson.
3:01 of 1st period - Shot by Derek Ryan.
3:01 of 1st period - Shot Blocked by Mattias Samuelsson.
3:03 of 1st period - Shot by Chris Terry.
3:03 of 1st period - Stopped by Alex Starlock without a rebound.
3:04 of 1st period - Sean Malone wins face-off versus Trevor Lewis in Americans zone.
3:06 of 1st period - Icing by Robbie Russo.
3:07 of 1st period - Trevor Lewis wins face-off versus Sean Malone in Americans zone.
3:23 of 1st period - Shot by Riley Tufte.
3:23 of 1st period - Deflect By Patrick Brown.
3:23 of 1st period - Stopped by Connor Ingram with a rebound.
3:25 of 1st period - Shot by Cole Hults.
3:25 of 1st period - Shot Misses the Net.
3:31 of 1st period - Shot by Sean Malone.
3:31 of 1st period - Goal by Sean Malone - Comets : 1 - Americans : 1.
3:32 of 1st period - Tanner Fritz wins face-off versus Derek Ryan in neutral zone.
3:36 of 1st period - Off-side.
3:37 of 1st period - Tanner Fritz wins face-off versus Derek Ryan in neutral zone.
3:50 of 1st period - Shot by Andrew Agozzino.
3:50 of 1st period - Stopped by Connor Ingram with a rebound.
5:05 of 1st period - Shot by Josh Archibald.
5:05 of 1st period - Shot Misses the Net.
5:17 of 1st period - Shot by Frederik Gauthier.
5:17 of 1st period - Shot Misses the Net.
5:19 of 1st period - Shot by Dennis Yan.
5:19 of 1st period - Deflect By Michael Joly.
5:19 of 1st period - Stopped by Alex Starlock without a rebound.
5:20 of 1st period - Frederik Gauthier wins face-off versus Kyle Rau in Americans zone.
5:33 of 1st period - Shot by Turner Elson.
5:33 of 1st period - Shot Misses the Net.
6:31 of 1st period - Shot by Ross Johnston.
6:31 of 1st period - Shot Misses the Net.
6:33 of 1st period - Shot by Matt Lorito.
6:33 of 1st period - Shot Misses the Net.
6:35 of 1st period - Shot by Cameron Hughes.
6:35 of 1st period - Shot Misses the Net.
6:59 of 1st period - Shot by Sean Malone.
6:59 of 1st period - Stopped by Connor Ingram without a rebound.
7:00 of 1st period - Sean Malone wins face-off versus Trevor Lewis in Comets zone.
7:09 of 1st period - Shot by Patrick Brown.
7:09 of 1st period - Goal by Patrick Brown - Comets : 1 - Americans : 2.
7:10 of 1st period - Trevor Lewis wins face-off versus Turner Elson in neutral zone.
7:30 of 1st period - Kyle Rau is hit by Josh Archibald and loses puck.
7:34 of 1st period - Cole Hults is hit by Brandon Davidson and loses puck.
7:40 of 1st period - Turner Elson is hit by Brandon Davidson and loses puck.
8:06 of 1st period - Off-side.
8:07 of 1st period - Cameron Hughes wins face-off versus Derek Ryan in neutral zone.
8:32 of 1st period - Shot by Matt Bartkowski.
8:32 of 1st period - Shot Misses the Net.
8:34 of 1st period - Shot by Derek Ryan.
8:34 of 1st period - Shot Blocked by Andrew Peeke.
8:36 of 1st period - Shot by Brendan Smith.
8:36 of 1st period - Stopped by Alex Starlock without a rebound.
8:37 of 1st period - Frederik Gauthier wins face-off versus Tanner Fritz in Americans zone.
9:19 of 1st period - Icing by Connor Carrick.
9:20 of 1st period - Chase De Leo wins face-off versus Andrew Agozzino in Americans zone.
9:56 of 1st period - Shot by Oskar Lindblom.
9:56 of 1st period - Stopped by Alex Starlock without a rebound.
9:57 of 1st period - Turner Elson wins face-off versus Trevor Lewis in Americans zone.
9:57 of 1st period - Turner Elson is hit by Josh Archibald.
10:11 of 1st period - Shot by Cole Hults.
10:11 of 1st period - Shot Misses the Net.
10:13 of 1st period - Shot by Kyle Rau.
10:13 of 1st period - Shot Blocked by Brandon Davidson.
10:21 of 1st period - Shot by Turner Elson.
10:21 of 1st period - Stopped by Connor Ingram with a rebound.
10:23 of 1st period - Shot by Kyle Rau.
10:23 of 1st period - Shot Misses the Net.
10:29 of 1st period - Shot by Sam Anas.
10:29 of 1st period - Deflect By Kyle Rau.
10:29 of 1st period - Stopped by Connor Ingram without a rebound.
10:30 of 1st period - Cameron Hughes wins face-off versus Chris Terry in Comets zone.
10:41 of 1st period - Shot by Derek Ryan.
10:41 of 1st period - Shot Misses the Net.
10:59 of 1st period - Shot by Oskar Lindblom.
10:59 of 1st period - Shot Misses the Net.
11:25 of 1st period - Jordan Schmaltz is hit by Riley Tufte and loses puck.
11:38 of 1st period - Shot by Patrick Brown.
11:38 of 1st period - Shot Misses the Net.
12:18 of 1st period - Shot by Trevor Lewis.
12:18 of 1st period - Shot Misses the Net.
12:20 of 1st period - Shot by Matt Bartkowski.
12:20 of 1st period - Stopped by Alex Starlock without a rebound.
12:21 of 1st period - Frederik Gauthier wins face-off versus Turner Elson in Americans zone.
12:24 of 1st period - Shot by Dennis Yan.
12:24 of 1st period - Shot Blocked by Andrew Peeke.
12:26 of 1st period - Shot by Dennis Yan.
12:26 of 1st period - Shot Hit the Post.
12:28 of 1st period - Shot by Frederik Gauthier.
12:28 of 1st period - Stopped by Alex Starlock without a rebound.
12:29 of 1st period - Frederik Gauthier wins face-off versus Tanner Fritz in Americans zone.
13:59 of 1st period - Shot by Brendan Smith.
13:59 of 1st period - Goal by Brendan Smith - Comets : 2 - Americans : 2.
14:00 of 1st period - Turner Elson wins face-off versus Chase De Leo in neutral zone.
14:13 of 1st period - Shot by Turner Elson.
14:13 of 1st period - Deflect By Kyle Rau.
14:13 of 1st period - Shot Misses the Net.
14:38 of 1st period - Shot by Markus Niemelainen.
14:38 of 1st period - Shot Misses the Net.
14:48 of 1st period - Matt Bartkowski is hit by Turner Elson and loses puck.
14:55 of 1st period - Shot by Michael Raffl.
14:55 of 1st period - Stopped by Alex Starlock without a rebound.
14:56 of 1st period - Josh Archibald wins face-off versus Cameron Hughes in Americans zone.
14:57 of 1st period - Shot by Matt Bartkowski.
14:57 of 1st period - Stopped by Alex Starlock without a rebound.
14:58 of 1st period - Cameron Hughes wins face-off versus Michael Raffl in Americans zone.
15:05 of 1st period - Shot by Ross Johnston.
15:05 of 1st period - Stopped by Connor Ingram without a rebound.
15:06 of 1st period - Trevor Lewis wins face-off versus Tanner Fritz in Comets zone.
15:24 of 1st period - Shot by Kyle Okposo.
15:24 of 1st period - Stopped by Connor Ingram with a rebound.
15:41 of 1st period - Connor Carrick and Brendan Smith fight to a draw.
15:41 of 1st period - Penalty to Connor Carrick for Fighting.
15:41 of 1st period - Penalty to Brendan Smith for Fighting.
15:42 of 1st period - Derek Ryan wins face-off versus Cameron Hughes in Comets zone.
16:05 of 1st period - Oskar Lindblom is hit by Cole Hults and loses puck.
16:42 of 1st period - Markus Niemelainen is hit by Robbie Russo.
16:44 of 1st period - Shot by Dennis Yan.
16:44 of 1st period - Stopped by Alex Starlock without a rebound.
16:45 of 1st period - Trevor Lewis wins face-off versus Tanner Fritz in Americans zone.
16:45 of 1st period - Matt Bartkowski is hit by Mattias Samuelsson and loses puck.
16:54 of 1st period - Shot by Trevor Lewis.
16:54 of 1st period - Stopped by Alex Starlock without a rebound.
16:55 of 1st period - Frederik Gauthier wins face-off versus Sean Malone in Americans zone.
16:56 of 1st period - Shot by Michael Joly.
16:56 of 1st period - Stopped by Alex Starlock with a rebound.
17:18 of 1st period - Shot by Patrick Brown.
17:18 of 1st period - Shot Misses the Net.
17:20 of 1st period - Shot by Sean Malone.
17:20 of 1st period - Shot Misses the Net.
17:22 of 1st period - Shot by Patrick Brown.
17:22 of 1st period - Shot Misses the Net.
17:24 of 1st period - Shot by Mattias Samuelsson.
17:24 of 1st period - Stopped by Connor Ingram without a rebound.
17:25 of 1st period - Derek Ryan wins face-off versus Tanner Fritz in Comets zone.
17:51 of 1st period - Icing by Brandon Davidson.
17:52 of 1st period - Turner Elson wins face-off versus Derek Ryan in Comets zone.
18:30 of 1st period - Turner Elson is hit by Markus Niemelainen and loses puck.
18:55 of 1st period - Shot by Trevor Lewis.
18:55 of 1st period - Stopped by Alex Starlock without a rebound.
18:56 of 1st period - Frederik Gauthier wins face-off versus Tanner Fritz in Americans zone.
18:56 of 1st period - Frederik Gauthier is hit by Mattias Samuelsson.
19:03 of 1st period - Kyle Okposo is hit by Jordan Schmaltz and loses puck.
19:14 of 1st period - Shot by Andrew Agozzino.
19:14 of 1st period - Stopped by Connor Ingram without a rebound.
19:15 of 1st period - Cameron Hughes wins face-off versus Chase De Leo in Comets zone.
19:17 of 1st period - Ross Johnston is hit by Jordan Schmaltz and loses puck.
19:27 of 1st period - Icing by Chase De Leo.
19:28 of 1st period - Chase De Leo wins face-off versus Tanner Fritz in Comets zone.
19:41 of 1st period - Shot by Chase De Leo.
19:41 of 1st period - Stopped by Alex Starlock without a rebound.
19:42 of 1st period - Trevor Lewis wins face-off versus Cameron Hughes in Americans zone.
Goals for this period are 2 for Comets vs 2 for Americans.
Shots for this period are 17 for Comets vs 12 for Americans.

2nd period


0:01 of 2nd period - Tanner Fritz wins face-off versus Derek Ryan in neutral zone.
0:01 of 2nd period - Tanner Fritz is hit by Oskar Lindblom.
0:09 of 2nd period - Shot by Andrew Agozzino.
0:09 of 2nd period - Stopped by Connor Ingram without a rebound.
0:10 of 2nd period - Cameron Hughes wins face-off versus Trevor Lewis in Comets zone.
0:22 of 2nd period - Off-side.
0:23 of 2nd period - Tanner Fritz wins face-off versus Derek Ryan in neutral zone.
0:34 of 2nd period - Shot by Kyle Okposo.
0:34 of 2nd period - Stopped by Connor Ingram without a rebound.
0:35 of 2nd period - Trevor Lewis wins face-off versus Cameron Hughes in Comets zone.
0:50 of 2nd period - Shot by Michael Raffl.
0:50 of 2nd period - Stopped by Alex Starlock without a rebound.
0:51 of 2nd period - Derek Ryan wins face-off versus Tanner Fritz in Americans zone.
1:41 of 2nd period - Icing by Ethan Prow.
1:42 of 2nd period - Trevor Lewis wins face-off versus Kyle Okposo in Americans zone.
1:42 of 2nd period - Matt Bartkowski is hit by Andrew Peeke and loses puck.
2:01 of 2nd period - Connor Carrick is hit by Josh Archibald and loses puck.
3:23 of 2nd period - Shot by Cameron Hughes.
3:23 of 2nd period - Stopped by Connor Ingram with a rebound.
3:25 of 2nd period - Shot by Matt Lorito.
3:25 of 2nd period - Stopped by Connor Ingram without a rebound.
3:26 of 2nd period - Derek Ryan wins face-off versus Sean Malone in Comets zone.
3:45 of 2nd period - Shot by Oskar Lindblom.
3:45 of 2nd period - Shot Blocked by Andrew Peeke.
4:14 of 2nd period - Kevin Czucman is hit by Riley Tufte and loses puck.
4:40 of 2nd period - Riley Tufte is hit by Josh Archibald and loses puck.
4:57 of 2nd period - Shot by Michael Raffl.
4:57 of 2nd period - Stopped by Alex Starlock with a rebound.
4:59 of 2nd period - Shot by Trevor Lewis.
4:59 of 2nd period - Shot Misses the Net.
5:01 of 2nd period - Shot by Josh Archibald.
5:01 of 2nd period - Goal by Josh Archibald - Comets : 3 - Americans : 2.
5:02 of 2nd period - Frederik Gauthier wins face-off versus Tanner Fritz in neutral zone.
5:21 of 2nd period - Markus Niemelainen is hit by Tanner Fritz and loses puck.
5:40 of 2nd period - Tanner Fritz is hit by Jordan Schmaltz and loses puck.
5:55 of 2nd period - Shot by Cole Hults.
5:55 of 2nd period - Shot Misses the Net.
6:01 of 2nd period - Shot by Ross Johnston.
6:01 of 2nd period - Shot Misses the Net.
6:10 of 2nd period - Ross Johnston is hit by Jordan Schmaltz and loses puck.
6:34 of 2nd period - Icing by Jordan Schmaltz.
6:35 of 2nd period - Turner Elson wins face-off versus Frederik Gauthier in Comets zone.
6:35 of 2nd period - Turner Elson is hit by Jordan Schmaltz.
6:51 of 2nd period - Shot by Connor Carrick.
6:51 of 2nd period - Stopped by Connor Ingram without a rebound.
6:52 of 2nd period - Derek Ryan wins face-off versus Tanner Fritz in Comets zone.
6:52 of 2nd period - Derek Ryan is hit by Andrew Agozzino.
6:55 of 2nd period - Icing by Brendan Smith.
6:56 of 2nd period - Derek Ryan wins face-off versus Tanner Fritz in Comets zone.
7:26 of 2nd period - Off-side.
7:27 of 2nd period - Trevor Lewis wins face-off versus Cameron Hughes in neutral zone.
7:29 of 2nd period - Off-side.
7:30 of 2nd period - Trevor Lewis wins face-off versus Cameron Hughes in neutral zone.
8:02 of 2nd period - Shot by Josh Archibald.
8:02 of 2nd period - Stopped by Alex Starlock with a rebound.
8:04 of 2nd period - Shot by Josh Archibald.
8:04 of 2nd period - Shot Misses the Net.
8:06 of 2nd period - Shot by Kevin Czucman.
8:06 of 2nd period - Shot Misses the Net.
8:08 of 2nd period - Shot by Trevor Lewis.
8:08 of 2nd period - Stopped by Alex Starlock with a rebound.
8:20 of 2nd period - Shot by Derek Ryan.
8:20 of 2nd period - Stopped by Alex Starlock without a rebound.
8:21 of 2nd period - Tanner Fritz wins face-off versus Derek Ryan in Americans zone.
8:21 of 2nd period - Andrew Agozzino is hit by Chris Terry and loses puck.
8:33 of 2nd period - Andrew Agozzino is hit by Brendan Smith and loses puck.
8:36 of 2nd period - Shot by Andrew Agozzino.
8:36 of 2nd period - Stopped by Connor Ingram with a rebound.
8:44 of 2nd period - Shot by Kyle Okposo.
8:44 of 2nd period - Deflect By Andrew Agozzino.
8:44 of 2nd period - Stopped by Connor Ingram without a rebound.
8:45 of 2nd period - Turner Elson wins face-off versus Dennis Yan in Comets zone.
9:01 of 2nd period - Sam Anas is hit by Markus Niemelainen.
9:07 of 2nd period - Shot by Kyle Rau.
9:07 of 2nd period - Shot Misses the Net.
9:09 of 2nd period - Shot by Ethan Prow.
9:09 of 2nd period - Shot Blocked by Markus Niemelainen.
9:11 of 2nd period - Shot by Turner Elson.
9:11 of 2nd period - Stopped by Connor Ingram without a rebound.
9:12 of 2nd period - Oskar Lindblom wins face-off versus Tanner Fritz in Comets zone.
9:23 of 2nd period - Shot by Chris Terry.
9:23 of 2nd period - Stopped by Alex Starlock with a rebound.
9:29 of 2nd period - Shot by Robbie Russo.
9:29 of 2nd period - Goal by Robbie Russo - Comets : 3 - Americans : 3.
9:30 of 2nd period - Trevor Lewis wins face-off versus Cameron Hughes in neutral zone.
9:30 of 2nd period - Brandon Davidson is hit by Ross Johnston.
9:34 of 2nd period - Shot by Trevor Lewis.
9:34 of 2nd period - Deflect By Michael Raffl.
9:34 of 2nd period - Shot Blocked by Mattias Samuelsson.
10:31 of 2nd period - Icing by Ethan Prow.
10:32 of 2nd period - Tanner Fritz wins face-off versus Derek Ryan in Americans zone.
10:32 of 2nd period - Tanner Fritz is hit by Derek Ryan.
10:35 of 2nd period - Minor Penalty to Oskar Lindblom for Hooking.
10:36 of 2nd period - Dennis Yan wins face-off versus Tanner Fritz in Comets zone.
10:36 of 2nd period - Dennis Yan is hit by Andrew Agozzino.
10:58 of 2nd period - Brendan Smith is hit by Kyle Okposo and loses puck.
11:25 of 2nd period - Shot by Ross Johnston.
11:25 of 2nd period - Stopped by Connor Ingram without a rebound.
11:26 of 2nd period - Cameron Hughes wins face-off versus Dennis Yan in Comets zone.
11:33 of 2nd period - Shot by Connor Carrick.
11:33 of 2nd period - Stopped by Connor Ingram with a rebound.
11:35 of 2nd period - Shot by Ross Johnston.
11:35 of 2nd period - Shot Misses the Net.
11:39 of 2nd period - Shot by Cameron Hughes.
11:39 of 2nd period - Shot Misses the Net.
11:41 of 2nd period - Shot by Connor Carrick.
11:41 of 2nd period - Stopped by Connor Ingram without a rebound.
11:42 of 2nd period - Dennis Yan wins face-off versus Cameron Hughes in Comets zone.
11:42 of 2nd period - Dennis Yan is hit by Ross Johnston.
11:49 of 2nd period - Icing by Mattias Samuelsson.
11:50 of 2nd period - Cameron Hughes wins face-off versus Dennis Yan in Americans zone.
12:13 of 2nd period - Shot by Derek Ryan.
12:13 of 2nd period - Deflect By Chase De Leo.
12:13 of 2nd period - Shot Blocked by Mattias Samuelsson.
12:19 of 2nd period - Chase De Leo is hit by Ross Johnston and loses puck.
13:29 of 2nd period - Icing by Robbie Russo.
13:30 of 2nd period - Turner Elson wins face-off versus Derek Ryan in Americans zone.
13:35 of 2nd period - Kyle Rau is hit by Oskar Lindblom and loses puck.
13:42 of 2nd period - Shot by Derek Ryan.
13:42 of 2nd period - Stopped by Alex Starlock without a rebound.
13:43 of 2nd period - Frederik Gauthier wins face-off versus Tanner Fritz in Americans zone.
14:33 of 2nd period - Shot by Cameron Hughes.
14:33 of 2nd period - Shot Blocked by Michael Joly.
14:35 of 2nd period - Shot by Ross Johnston.
14:35 of 2nd period - Stopped by Connor Ingram with a rebound.
14:43 of 2nd period - Shot by Andrew Peeke.
14:43 of 2nd period - Shot Misses the Net.
14:48 of 2nd period - Icing by Kevin Czucman.
14:49 of 2nd period - Sean Malone wins face-off versus Frederik Gauthier in Comets zone.
14:58 of 2nd period - Shot by Riley Tufte.
14:58 of 2nd period - Shot Misses the Net.
15:02 of 2nd period - Shot by Patrick Brown.
15:02 of 2nd period - Shot Misses the Net.
15:04 of 2nd period - Shot by Andrew Peeke.
15:04 of 2nd period - Stopped by Connor Ingram without a rebound.
15:05 of 2nd period - Derek Ryan wins face-off versus Cameron Hughes in Comets zone.
15:10 of 2nd period - Shot by Ross Johnston.
15:10 of 2nd period - Stopped by Connor Ingram without a rebound.
15:11 of 2nd period - Cameron Hughes wins face-off versus Derek Ryan in Comets zone.
15:26 of 2nd period - Shot by Derek Ryan.
15:26 of 2nd period - Shot Misses the Net.
16:40 of 2nd period - Icing by Tanner Fritz .
16:41 of 2nd period - Tanner Fritz wins face-off versus Chase De Leo in Americans zone.
17:14 of 2nd period - Shot by Tanner Fritz .
17:14 of 2nd period - Stopped by Connor Ingram without a rebound.
17:15 of 2nd period - Frederik Gauthier wins face-off versus Turner Elson in Comets zone.
17:27 of 2nd period - Shot by Cole Hults.
17:27 of 2nd period - Shot Misses the Net.
17:29 of 2nd period - Shot by Cole Hults.
17:29 of 2nd period - Stopped by Connor Ingram with a rebound.
17:55 of 2nd period - Shot by Turner Elson.
17:55 of 2nd period - Stopped by Connor Ingram without a rebound.
17:56 of 2nd period - Sean Malone wins face-off versus Trevor Lewis in Comets zone.
18:21 of 2nd period - Shot by Patrick Brown.
18:21 of 2nd period - Shot Misses the Net.
18:32 of 2nd period - Off-side.
18:33 of 2nd period - Tanner Fritz wins face-off versus Derek Ryan in neutral zone.
19:03 of 2nd period - Shot by Derek Ryan.
19:03 of 2nd period - Stopped by Alex Starlock with a rebound.
19:56 of 2nd period - Minor Penalty to Cameron Hughes for Tripping.
19:57 of 2nd period - Trevor Lewis wins face-off versus Kyle Rau in Americans zone.
19:58 of 2nd period - Shot by Brandon Davidson.
19:58 of 2nd period - Stopped by Alex Starlock without a rebound.
19:59 of 2nd period - Trevor Lewis wins face-off versus Kyle Rau in Americans zone.
Goals for this period are 1 for Comets vs 1 for Americans.
Shots for this period are 10 for Comets vs 18 for Americans.

3rd period


0:01 of 3rd period - Chase De Leo wins face-off versus Tanner Fritz in neutral zone.
0:22 of 3rd period - Shot by Matt Bartkowski.
0:22 of 3rd period - Stopped by Alex Starlock with a rebound.
0:24 of 3rd period - Shot by Chase De Leo.
0:24 of 3rd period - Stopped by Alex Starlock with a rebound.
0:26 of 3rd period - Shot by Oskar Lindblom.
0:26 of 3rd period - Shot Misses the Net.
0:28 of 3rd period - Shot by Chase De Leo.
0:28 of 3rd period - Shot Blocked by Mattias Samuelsson.
1:15 of 3rd period - Icing by Brandon Davidson.
1:16 of 3rd period - Ross Johnston wins face-off versus Trevor Lewis in Comets zone.
3:10 of 3rd period - Connor Carrick is hit by Oskar Lindblom and loses puck.
4:04 of 3rd period - Icing by Andrew Peeke.
4:05 of 3rd period - Turner Elson wins face-off versus Frederik Gauthier in Americans zone.
5:20 of 3rd period - Shot by Josh Archibald.
5:20 of 3rd period - Shot Blocked by Cole Hults.
5:24 of 3rd period - Shot by Michael Raffl.
5:24 of 3rd period - Stopped by Alex Starlock with a rebound.
5:26 of 3rd period - Shot by Brandon Davidson.
5:26 of 3rd period - Goal by Brandon Davidson - Comets : 4 - Americans : 3.
5:27 of 3rd period - Cameron Hughes wins face-off versus Chase De Leo in neutral zone.
5:40 of 3rd period - Shot by Ross Johnston.
5:40 of 3rd period - Shot Misses the Net.
5:42 of 3rd period - Shot by Connor Carrick.
5:42 of 3rd period - Shot Misses the Net.
5:52 of 3rd period - Shot by Connor Carrick.
5:52 of 3rd period - Stopped by Connor Ingram without a rebound.
5:53 of 3rd period - Turner Elson wins face-off versus Trevor Lewis in Comets zone.
5:56 of 3rd period - Shot by Sam Anas.
5:56 of 3rd period - Shot Misses the Net.
6:04 of 3rd period - Icing by Kyle Rau.
6:05 of 3rd period - Derek Ryan wins face-off versus Turner Elson in Americans zone.
6:15 of 3rd period - Sam Anas is hit by Oskar Lindblom and loses puck.
6:38 of 3rd period - Shot by Derek Ryan.
6:38 of 3rd period - Shot Misses the Net.
6:40 of 3rd period - Shot by Brandon Davidson.
6:40 of 3rd period - Shot Misses the Net.
6:42 of 3rd period - Shot by Derek Ryan.
6:42 of 3rd period - Shot Blocked by Kyle Rau.
7:11 of 3rd period - Shot by Tanner Fritz .
7:11 of 3rd period - Stopped by Connor Ingram with a rebound.
7:18 of 3rd period - Off-side.
7:19 of 3rd period - Frederik Gauthier wins face-off versus Cameron Hughes in neutral zone.
7:31 of 3rd period - Icing by Cole Hults.
7:32 of 3rd period - Ross Johnston wins face-off versus Chase De Leo in Americans zone.
7:53 of 3rd period - Cameron Hughes is hit by Cliff Pu and loses puck.
8:17 of 3rd period - Matt Bartkowski is hit by Mattias Samuelsson and loses puck.
8:45 of 3rd period - Kevin Czucman is hit by Mattias Samuelsson and loses puck.
9:01 of 3rd period - Icing by Brandon Davidson.
9:02 of 3rd period - Turner Elson wins face-off versus Trevor Lewis in Comets zone.
9:05 of 3rd period - Shot by Kyle Rau.
9:05 of 3rd period - Stopped by Connor Ingram with a rebound.
9:07 of 3rd period - Shot by Turner Elson.
9:07 of 3rd period - Goal by Turner Elson - Comets : 4 - Americans : 4.
9:08 of 3rd period - Frederik Gauthier wins face-off versus Sam Anas in neutral zone.
9:08 of 3rd period - Markus Niemelainen is hit by Turner Elson.
9:36 of 3rd period - Shot by Sam Anas.
9:36 of 3rd period - Shot Misses the Net.
9:38 of 3rd period - Shot by Kyle Rau.
9:38 of 3rd period - Deflect By Turner Elson.
9:38 of 3rd period - Goal by Turner Elson - Comets : 4 - Americans : 5.
9:39 of 3rd period - Cameron Hughes wins face-off versus Derek Ryan in neutral zone.
10:04 of 3rd period - Derek Ryan is hit by Cole Hults and loses puck.
10:14 of 3rd period - Chris Terry is hit by Cole Hults and loses puck.
10:19 of 3rd period - Shot by Derek Ryan.
10:19 of 3rd period - Stopped by Alex Starlock with a rebound.
10:51 of 3rd period - Shot by Josh Archibald.
10:51 of 3rd period - Shot Misses the Net.
10:53 of 3rd period - Shot by Brandon Davidson.
10:53 of 3rd period - Stopped by Alex Starlock without a rebound.
10:54 of 3rd period - Turner Elson wins face-off versus Frederik Gauthier in Americans zone.
11:13 of 3rd period - Shot by Dennis Yan.
11:13 of 3rd period - Shot Misses the Net.
11:15 of 3rd period - Shot by Markus Niemelainen.
11:15 of 3rd period - Stopped by Alex Starlock without a rebound.
11:16 of 3rd period - Trevor Lewis wins face-off versus Tanner Fritz in Americans zone.
11:34 of 3rd period - Andrew Agozzino is hit by Brandon Davidson and loses puck.
12:02 of 3rd period - Icing by Trevor Lewis.
12:03 of 3rd period - Cameron Hughes wins face-off versus Trevor Lewis in Comets zone.
12:03 of 3rd period - Ross Johnston is hit by Brandon Davidson and loses puck.
12:26 of 3rd period - Shot by Ross Johnston.
12:26 of 3rd period - Shot Misses the Net.
12:28 of 3rd period - Shot by Ethan Prow.
12:28 of 3rd period - Stopped by Connor Ingram without a rebound.
12:29 of 3rd period - Sean Malone wins face-off versus Frederik Gauthier in Comets zone.
12:57 of 3rd period - Shot by Riley Tufte.
12:57 of 3rd period - Stopped by Connor Ingram without a rebound.
12:58 of 3rd period - Cameron Hughes wins face-off versus Derek Ryan in Comets zone.
12:59 of 3rd period - Shot by Matt Lorito.
12:59 of 3rd period - Stopped by Connor Ingram with a rebound.
13:17 of 3rd period - Shot by Chris Terry.
13:17 of 3rd period - Stopped by Alex Starlock without a rebound.
13:18 of 3rd period - Tanner Fritz wins face-off versus Trevor Lewis in Americans zone.
15:00 of 3rd period - Shot by Dennis Yan.
15:00 of 3rd period - Deflect By Michael Joly.
15:00 of 3rd period - Stopped by Alex Starlock without a rebound.
15:01 of 3rd period - Frederik Gauthier wins face-off versus Turner Elson in Americans zone.
15:50 of 3rd period - Shot by Patrick Brown.
15:50 of 3rd period - Stopped by Connor Ingram with a rebound.
16:04 of 3rd period - Shot by Sean Malone.
16:04 of 3rd period - Shot Misses the Net.
16:06 of 3rd period - Shot by Sean Malone.
16:06 of 3rd period - Deflect By Patrick Brown.
16:06 of 3rd period - Shot Misses the Net.
16:17 of 3rd period - Icing by Frederik Gauthier.
16:18 of 3rd period - Frederik Gauthier wins face-off versus Tanner Fritz in Comets zone.
16:22 of 3rd period - Icing by Markus Niemelainen.
16:23 of 3rd period - Kyle Okposo wins face-off versus Frederik Gauthier in Comets zone.
16:23 of 3rd period - Andrew Agozzino is hit by Markus Niemelainen and loses puck.
17:05 of 3rd period - Icing by Mattias Samuelsson.
17:06 of 3rd period - Tanner Fritz wins face-off versus Derek Ryan in Americans zone.
17:18 of 3rd period - Andrew Agozzino is hit by Oskar Lindblom and loses puck.
17:24 of 3rd period - Tanner Fritz is hit by Oskar Lindblom and loses puck.
17:42 of 3rd period - Cameron Hughes is hit by Brendan Smith.
17:48 of 3rd period - Shot by Ross Johnston.
17:48 of 3rd period - Shot Misses the Net.
17:50 of 3rd period - Shot by Cameron Hughes.
17:50 of 3rd period - Shot Misses the Net.
17:52 of 3rd period - Shot by Ross Johnston.
17:52 of 3rd period - Shot Misses the Net.
17:54 of 3rd period - Shot by Matt Lorito.
17:54 of 3rd period - Shot Blocked by Matt Bartkowski.
18:42 of 3rd period - Shot by Robbie Russo.
18:42 of 3rd period - Stopped by Connor Ingram without a rebound.
18:43 of 3rd period - Trevor Lewis wins face-off versus Sean Malone in Comets zone.
18:43 of 3rd period - Kevin Czucman is hit by Patrick Brown and loses puck.
19:11 of 3rd period - Josh Archibald is hit by Patrick Brown and loses puck.
Goals for this period are 1 for Comets vs 2 for Americans.
Shots for this period are 9 for Comets vs 10 for Americans.